 Dungeon Crawl Stone Soup version 0.31-a0-237-g2d982f9f85 (webtiles) character file.

Game seed: 9451217897621760972

32 qw the Shooter (level 3, -20/29 HPs)
             Began as a Minotaur Hexslinger on July 11, 2023.
             Demolished by an ogre
             ... wielding a +0 giant club
              (23 damage)
             ... on level 1 of the Dungeon.
             The game lasted 00:00:15 (767 turns).

qw the Shooter (Minotaur Hexslinger)                 Turns: 767, Time: 00:00:15

Health: -20/29     AC:  3    Str: 12    XL:     3   Next: 10%
Magic:  3/3        EV: 12    Int: 10    God:
Gold:   29         SH:  0    Dex: 14    Spells: 3/4 levels left

rFire   . . .        a - +1 sling
rCold   . . .        (no shield)
rNeg    . . .        c - +0 robe
rPois   .            (helmet restricted)
rElec   .            (no cloak)
rCorr   .            h - +0 pair of gloves
SInv    .            (no boots)
Will    .....        d - amulet of faith
Stlth   +            (no ring)
HPRegen 0.24/turn    (no ring)
MPRegen 0.08/turn

%: faith
@: no status effects
A: horns 2, retaliatory headbutt
a: no special abilities


You were on level 1 of the Dungeon.
You visited 1 branch of the dungeon, and saw 2 of its levels.

You collected 59 gold pieces.
You spent 30 gold pieces at shops.


Innate Abilities, Weirdness & Mutations

You have a pair of horns on your head.
You reflexively headbutt those who attack you in melee.


   Skills:
 - Level 2.0 Fighting
 + Level 3.6 Ranged Weapons
 - Level 2.1 Dodging
 - Level 1.0 Spellcasting
 - Level 2.0 Hexes


You had 3 spell levels left.
You knew the following spells:

 Your Spells              Type           Power      Damage    Failure   Level
a - Slow                  Hex            16%        N/A       16%         1

Your spell library contained the following spells:

 Spells                   Type           Power      Damage    Failure   Level
 Inner Flame              Hex/Fire       2%         N/A       56%         3
 Portal Projectile        Hex/Tloc       4%         N/A       56%         3
 Cause Fear               Hex            2%         N/A       83%         4

Inventory:

Hand Weapons
 a - a +1 sling (weapon)
Armour
 c - a +0 robe (worn)
 h - a +0 pair of gloves (worn)
Jewellery
 d - an amulet of faith (around neck)
Potions
 e - a potion of mutation {unknown}
 g - a potion of curing

Dungeon Overview and Level Annotations

Branches:
Dungeon (2/15)

Altars:

Shops:
D:1 !


Message History

You continue putting on your amulet of faith. x5
You finish putting on your amulet of faith.
You feel a strange surge of divine interest.
d - an amulet of faith (around neck) Done exploring.
743 ||| DRINKING 2 emerald potions.
It was a potion of magic.
Magic courses through your body.
Done exploring.
744 ||| DROPPING scroll of poison.
You drop a scroll of poison.
Done exploring.
745 ||| DROPPING potion of magic.
You drop a potion of magic.
Done exploring.
(D) Dungeon
Where to? (* - list waypoints, ? - help)
What level of the Dungeon? (default 1, ? - help)
There is a stone staircase leading down here.
You climb downwards.
Found an escape hatch in the ceiling.
There is a stone staircase leading up here.
An ogre is nearby!
Waypoint 1 assigned to D:2.
You shoot a sling bullet. The sling bullet hits the ogre!
The ogre shouts!
The ogre is moderately wounded.
The ogre hits you with a +0 giant club!!
Ouch! That really hurt!
763 ||| STAIRDANCE You climb upwards.
There is a stone staircase leading down here.
You shoot a sling bullet. The sling bullet hits the ogre.
The ogre is moderately wounded.
The ogre completely misses you.
You shoot a sling bullet. The sling bullet hits the ogre.
The ogre is moderately wounded.
The ogre barely misses you.
You shoot a sling bullet. The sling bullet hits the ogre.
The ogre is heavily wounded.
The ogre hits you with a +0 giant club!!
Ouch! That really hurt!
You die...

#.# #.# ############ #.#
##..........############.#
#...........#...........!#
#...........#.############
#...........#.######
##.########.#.##...##########
#.#......#.@O.'.............
#.#.####.#...##......#######
#.#....#.#...###...).#
######.#....#.#...###.....#
.........####.#.....'.....#
.#####.#.#....#...###.....#
.# #.#.#.####...#
#..########## .# #.#.#.#
#...# ##........... .#
#.#.#.# #...# #######.....


You could see an ogre.

Vanquished Creatures
  A gnoll (D:1)
  A bat (D:1)
  2 endoplasms (D:1)
  A giant cockroach (D:1)
  4 goblins (D:1)
  2 hobgoblins (D:1)
  2 quokkas (D:1)
  A frilled lizard (D:1)
  3 kobolds (D:1)
  3 rats (D:1)
20 creatures vanquished.

Notes
Turn   | Place    | Note
-------+----------+-------------------------------------------
     0 | D:1      | qw the Minotaur Hexslinger began the quest for the Orb.
     0 | D:1      | Reached XP level 1. HP: 16/16 MP: 1/1
     0 | D:1      | 0 ||| qw: Version: 0.3-a-52-g30416fa
     0 | D:1      | 0 ||| qw: Game counter: 5763
     0 | D:1      | 0 ||| qw: Melee chars always use a shield: true
     0 | D:1      | 0 ||| qw: God list: Okawaru
     0 | D:1      | 0 ||| qw: Allow faded altars: false
     0 | D:1      | 0 ||| qw: Do Orc after clearing Dungeon:15 true
     0 | D:1      | 0 ||| qw: Do second Lair branch before Depths: true
     0 | D:1      | 0 ||| qw: Lair rune preference: random
     0 | D:1      | 0 ||| qw: Goals: Normal
     0 | D:1      | 0 ||| PLANNING D:1-11
    97 | D:1      | Reached skill level 3 in Ranged Weapons
    97 | D:1      | Reached XP level 2. HP: 23/23 MP: 2/2
   220 | D:1      | Found Moukif's Distillery.
   230 | D:1      | 230 ||| BUYING potion of curing (30 gold).
   230 | D:1      | Bought a potion of curing for 30 gold pieces
   230 | D:1      | 230 ||| SHOPLISTING potion of curing (30 gold, have 10).
   230 | D:1      | 230 ||| SHOPLISTING potion of heal wounds (50 gold, have
                  | 10).
   669 | D:1      | Reached XP level 3. HP: 29/29 MP: 3/3
   733 | D:1      | 733 ||| UPGRADING to +0 pair of gloves.
   738 | D:1      | 738 ||| UPGRADING to amulet of faith.
   743 | D:1      | 743 ||| DRINKING 2 emerald potions.
   744 | D:1      | 744 ||| DROPPING scroll of poison.
   745 | D:1      | 745 ||| DROPPING potion of magic.
   761 | D:2      | Noticed an ogre
   762 | D:2      | HP: 1/29 [ogre/+0 giant club (28)]
   763 | D:2      | 763 ||| STAIRDANCE
   767 | D:1      | Demolished by an ogre

Levels and vault maps discovered:
D:1:      enne_arrival_octagon_isle, layout_basic, serial_shops, shop_fountains
D:2:      layout_rooms

Skill      XL: |  1  2 |
---------------+-------+-----
Ranged Weapons | 3 |  3.6
Fighting       | 2 |  2.0
Dodging        | |  2.1
Spellcasting   | |  1.0
Hexes          | |  2.0

Action                     || total
---------------------------++-------
   Fire: Sling             ||    52
    Use: Potion            ||     1
 Armour: Robe              ||     2
  Dodge: Dodged            ||    10

Table legend:
 A = Non-vault XP
 B = Vault XP
 C = Vault XP percentage of total XP
 D = Non-vault monster count
 E = Vault monster count
 F = Vault count percentage of total count
                 A         B        C        D         E       F
            +---------+---------+-------+---------+---------+-------
      Total |      47 |       0 |   0.0 |      20 |       0 |   0.0
            +---------+---------+-------+---------+---------+-------
        D:1 |      47 |       0 |   0.0 |      20 |       0 |   0.0
            +---------+---------+-------+---------+---------+-------
